 Dungeon Crawl Stone Soup version 0.30-a0-918-g0ff054e9dc (webtiles) character file.

Game seed: 7307665222058775072

217 jimonade the Magician (level 6, 0/43 HPs)
             Began as a Djinni Warper on Mar 21, 2023.
             Was an Initiate of Okawaru.
             Slain by Pikel
             ... wielding a +0 whip of flaming
              (1 damage)
             ... on level 4 of the Dungeon.
             The game lasted 00:08:02 (3366 turns).

jimonade the Magician (Djinni Warper)               Turns: 3366, Time: 00:08:03

Health: 0/43       AC:  8    Str: 12    XL:     6   Next: 16%
Gold:   226        EV: 11    Int: 14    God:    Okawaru [......] SH:  0 Dex: 19

rFire   + + .      SeeInvis .    a - +0 spear
rCold   x . .      Faith    .    (no shield)
rNeg    . . .      Spirit   .    e - +0 swamp dragon scales
rPois   ∞          Reflect  .    (no helmet)
rElec   .          Rampage  .    m - +0 cloak
rCorr   .                        (no gloves)
Will    +....                    (boots unavailable)
Stlth   +                        (no amulet)
HPRegen 0.27/turn                q - +6 ring of dexterity
MPRegen 0.00/turn                t - ring of willpower

@: flying
A: sickness immunity, fire resistance 2, cold vulnerability 1, float, innate
caster, HP casting, extra vitality 1
a: Renounce Religion


You were on level 4 of the Dungeon.
You worshipped Okawaru.
Okawaru was noncommittal.
You visited 2 branches of the dungeon, and saw 5 of its levels.

You collected 226 gold pieces.

Inventory:

Hand Weapons
 a - a +0 spear (weapon)
Missiles
 d - 7 boomerangs of dispersal
 j - 4 poisoned darts
Armour
 b - a +0 leather armour
 e - +0 swamp dragon scales (worn)
 h - a +0 chain mail
 m - a +0 cloak (worn)
 n - a +0 plate armour
Magical Staves
 k - a staff of fire
Jewellery
 q - a +6 ring of dexterity (left hand)
 t - a ring of willpower (right hand)
 v - a +6 ring of intelligence
Scrolls
 c - 2 scrolls of blinking
 f - a scroll of enchant armour {unknown}
 g - a scroll of identify
 i - a scroll of teleportation {unknown}
 l - a scroll of summoning {unknown}
 p - a scroll of fear {unknown}
 s - 2 scrolls of fog {unknown}
 u - a scroll of silence {unknown}
 y - a scroll of vulnerability {unknown}
Potions
 o - a potion of cancellation
 r - a potion of curing
 w - a potion of might
 x - a potion of brilliance


   Skills:
 - Level 2.0 Fighting
 - Level 1.5 Polearms
 - Level 0.7 Throwing
 - Level 1.0 Armour
 - Level 2.1 Dodging
 + Level 5.0 Spellcasting


You knew the following spells:

 Your Spells              Type           Power      Damage    Failure   Level
a - Blink                 Tloc           34%        N/A       8%          2
b - Lesser Beckoning      Tloc           34%        N/A       8%          2
c - Vhi's Electric Charg  Tloc/Air       34%        N/A       16%         3
d - Teleport Other        Tloc           17%        N/A       16%         3
e - Manifold Assault      Tloc           17%        N/A       45%         4
f - Necrotise             Necr           68%        1d7       4%          1
g - Static Discharge      Conj/Air       34%        2-4/arc   8%          2
Your spell library was empty.

Dungeon Overview and Level Annotations

Branches:
Dungeon (4/15)             Temple (1/1) D:4

Altars:
Cheibriados
Elyvilon
Gozag
Makhleb
Okawaru
Qazlal
Wu Jian
Xom
Yredelemnul
Zin

Annotations:
D:4 Pikel


Innate Abilities, Weirdness & Mutations

You are immune to sickness and miasma.
You are immune to poison.
Your flesh is very heat resistant. (rF++)
You are vulnerable to cold. (rC-)
You float through the air rather than walking.
You learn spells naturally, not from books.
Your magical power is your life essence.
You have superior vitality. (+4 MHP)


Message History

You barely miss Pikel.
Pikel is lightly wounded.
Pikel hits you but does no damage.
You closely miss Pikel.
Pikel is lightly wounded.
Pikel hits you but does no damage.
You closely miss Pikel.
Pikel is lightly wounded.
Pikel hits you with a +0 whip of flaming!
You closely miss Pikel.
Pikel is lightly wounded.
Pikel hits you with a +0 whip of flaming.
You hit Pikel.
Pikel is moderately wounded.
Pikel barely misses you.
You barely miss Pikel.
Pikel is moderately wounded.
Pikel hits you with a +0 whip of flaming.
You hit Pikel but do no damage. You punch Pikel.
Pikel is moderately wounded.
Pikel hits you but does no damage.
You hit Pikel.
Pikel is heavily wounded.
Pikel hits you with a +0 whip of flaming.
You hit Pikel but do no damage.
Pikel is heavily wounded.
Pikel hits you with a +0 whip of flaming.
Pikel burns you.
You hit Pikel but do no damage.
Pikel is heavily wounded.
Pikel hits you with a +0 whip of flaming!
* * * LOW HITPOINT WARNING * * *
Pikel burns you.
* * * LOW HITPOINT WARNING * * *
You barely miss Pikel.
Pikel is heavily wounded.
Pikel hits you with a +0 whip of flaming!
* * * LOW HITPOINT WARNING * * *
Pikel burns you.
You die...

#. #.##.#.######.....
#.##.............#.#
#.......#.######...##
#.##.##.#.# ####<>
#.........# ###..
#....##.### #####....
#..####.#####<.......
#..####........##....
#...@K55.......##.#..
##.#####.......##K#..
###.###
#.......##.##.
#.....#
#..[....##.##.
#.#.#.#
#.......##.##>
#...#.#
#.......##.5..
#..##.#
#############5
#.....# #. ##.####
#######.


You could see Pikel and 2 lemures.

Vanquished Creatures
  A lemure (D:3)
  A scorpion (D:4)
  A hound (D:4)
  5 adders
  2 worms (D:2)
  5 dart slugs
  5 orcs (D:3)
  10 ball pythons
  3 bats
  7 endoplasms
  A giant cockroach (D:3)
  3 hobgoblins
  2 jackals (D:3)
  A quokka (D:3)
  A frilled lizard (D:1)
  5 goblins
  4 kobolds
  5 rats
62 creatures vanquished.

Vanquished Creatures (collateral kills)
  A giant cockroach (D:3)
  A goblin (D:4)
2 creatures vanquished.

Vanquished Creatures (others)
  6 plants (D:4)
6 creatures vanquished.

Grand Total: 70 creatures vanquished

Notes
Turn   | Place    | Note
-------+----------+-------------------------------------------
     0 | D:1      | jimonade the Djinni Warper began the quest for the Orb.
     0 | D:1      | jimonade set off with the following spells memorised:
                  | Blink, Lesser Beckoning, Vhi's Electric Charge, Teleport
                  | Other, Manifold Assault.
     0 | D:1      | Reached XP level 1. HP: 18/18 MP: 0/0
   209 | D:1      | Reached XP level 2. HP: 23/23 MP: 0/0
   384 | D:1      | Reached skill level 3 in Spellcasting
   769 | D:2      | Reached XP level 3. HP: 27/28 MP: 0/0
   769 | D:2      | Learned a level 1 spell: Necrotise
   974 | D:2      | Found a burning altar of Makhleb.
  1240 | D:2      | Reached XP level 4. HP: 32/33 MP: 0/0
  1505 | D:2      | Reached skill level 4 in Spellcasting
  1769 | D:3      | Found an opulent altar of Gozag.
  1779 | D:3      | Reached XP level 5. HP: 38/38 MP: 0/0
  1779 | D:3      | Learned a level 2 spell: Static Discharge
  2902 | D:4      | Reached XP level 6. HP: 40/43 MP: 0/0
  2972 | D:4      | Noticed Pikel
  2977 | D:4      | Reached skill level 5 in Spellcasting
  3155 | D:4      | Found a staircase to the Ecumenical Temple.
  3162 | Temple   | Entered the Ecumenical Temple
  3169 | Temple   | Became a worshipper of Warmaster Okawaru
  3230 | D:4      | Noticed a two-headed ogre
  3292 | D:4      | Noticed an ogre
  3366 | D:4      | HP: 1/43 [Pikel/+0 whip of flaming (9)]
  3366 | D:4      | Slain by Pikel

Illustrated notes

Levels and vault maps discovered:
D:1:      ncdulo_smallfort, layout_basic
D:2:      layout_loops_cross, basic_altar, minmay_octomino_j4
D:3:      layout_loops_corners, grunt_gozag_statues, serial_rivers,
          chequers_serial_rivers_small_b, chequers_serial_rivers_small_b,
          chequers_serial_rivers_micro_c, chequers_serial_rivers_marsh,
          chequers_serial_rivers_large_a, kennysheep_big_empty_room, minivault_4
D:4:      layout_loops_cross, minmay_temple_entry_statues_pillars,
          gammafunk_ghost_gnarly_gnolls, uniq_pikel
Temple:   hellmonk_temple_rainy

Skill      XL: |  1  2  3  4  5  6 |
---------------+-------------------+-----
Spellcasting   | 3 4 5 |  5.0
Fighting       | |  2.0
Polearms       | |  1.5
Throwing       | |  0.7
Armour         | |  1.0
Dodging        | |  2.1

Action                     |  1- 3 |  4- 6 || total
---------------------------+-------+-------++-------
  Melee: Spear             |    95 |   105 ||   200
         Punch             |       |     1 ||     1
   Cast: Necrotise         |    19 |    77 ||    96
         Blink             |       |     2 ||     2
    Use: Scroll            |       |     6 ||     6
   Stab: Sleeping          |       |     1 ||     1
 Armour: Swamp dragon scal |    37 |    41 ||    78
  Dodge: Dodged            |    48 |    53 ||   101

Table legend: (Time is in decaauts)
 A = Elapsed time spent in this place.
 B = Non-inter-level travel time spent in this place.
 C = Inter-level travel time spent in this place.
 D = Time resting spent in this place.
 E = Time spent auto-exploring this place.
 F = Levels seen in this place.
 G = Mean time per level.
                   A        B        C        D        E       F      G
               +--------+--------+--------+--------+--------+-----+--------+
         Total |   3373 |   3184 |    189 |     59 |   2256 |   5 |  674.6 |
       Dungeon |   3359 |   3175 |    184 |     59 |   2254 |   4 |  839.8 |
        Temple |     13 |      8 |      5 |      0 |      2 |   1 |   13.0 |
               +--------+--------+--------+--------+--------+-----+--------+

Top non-repeatable levels by time:
     D:3: 1331 daAuts
     D:2: 955 daAuts
     D:1: 731 daAuts
     D:4: 342 daAuts
  Temple: 13 daAuts
